AoeStats
← matzoder

Baltic

510401121Analyzed
2v2 RM · 12h ago on Sep 30, 2026· 67m 1s· 4 players
Game mode
Random Map
Map size
Medium (4 player)
Population
200
Speed
Normal
Resources
Standard
Victory
Conquest
Starting age
Dark Age
Ending age
Imperial Age
RankedLock teamsTeams togetherTeam positionsShared explorationLock speedFull tech treeHidden civsTurbo modeCheats
Victory
Defeat
🇨🇴 Dravidians · Colombia
1065
+14
🇨🇴 Italians · Colombia
996
+18
🇩🇪 Malay · Germany
1036
-16
🇩🇪 Turks · Germany
1021
-16
Mihawk
8:53 Loom
11:01 Feudal Age
16:36 Castle Age
15:04 Double-Bit Axe
15:03 Horse Collar
17:40 Bow Saw
21:28 Fletching
21:38 Padded Archer Armor
22:54 Crossbowman
24:33 Thumb Ring
24:38 Bodkin Arrow
29:11 Wheelbarrow
28:35 Town Watch
31:10 Hand Cart
31:33 Town Patrol
32:50 Leather Archer Armor
35:09 Elite Skirmisher
38:07 Gold Mining
38:07 Stone Mining
38:41 Scale Barding Armor
38:46 Forging
39:33 Gold Shaft Mining
39:01 Heavy Plow
45:13 Imperial Age
43:31 Stone Shaft Mining
45:28 Crop Rotation
45:03 Bracer
45:31 Thalassocracy
46:25 Conscription
48:25 Light Cavalry
51:12 Cavalier
53:19 Ballistics
53:05 Siege Engineers
54:01 Chemistry
53:12 Masonry
52:43 Treadmill Crane
52:58 Murder Holes
55:21 Iron Casting
56:28 Husbandry
55:52 Arbalester
56:35 Elite Karambit Warrior
58:44 Blast Furnace
58:19 Caravan
matzoder
12:31 Feudal Age
13:46 Double-Bit Axe
17:45 Wheelbarrow
20:45 Horse Collar
24:23 Castle Age
25:30 Hand Cart
27:17 Heavy Plow
29:31 Scale Barding Armor
36:46 Imperial Age
35:08 Scale Mail Armor
35:19 Forging
36:14 Chain Mail Armor
36:13 Fletching
37:23 Chain Barding Armor
37:38 Iron Casting
37:52 Conscription
39:39 Husbandry
39:50 Bloodlines
40:17 Plate Barding Armor
54:15 Bow Saw
61:37 Blast Furnace
B4rTTo
11:24 Feudal Age
9:41 Loom
11:30 Feudal Age
12:28 Fishing Lines
12:37 Double-Bit Axe
12:20 Man-at-Arms
15:05 Forging
16:26 Fletching
17:30 Scale Barding Armor
17:27 Scale Mail Armor
27:46 Gold Mining
27:40 Horse Collar
30:44 Castle Age
31:32 Wheelbarrow
30:42 Town Watch
31:10 Scale Barding Armor
32:09 Squires
31:29 Pikeman
33:37 Medium Warships
33:18 Gillnets
33:34 Husbandry
34:26 Bodkin Arrow
34:52 Chain Barding Armor
35:07 Iron Casting
35:10 Town Patrol
34:45 Demolition Ship
35:55 Hand Cart
38:40 Chain Mail Armor
41:06 Imperial Age
39:20 Murder Holes
39:46 Ballistics
40:40 Padded Archer Armor
41:17 Light Cavalry
42:28 Devotion
42:36 Halberdier
44:04 Elite Skirmisher
46:17 Bracer
46:18 Padded Archer Armor
47:51 Siege Elephant
53:07 Leather Archer Armor
53:55 Chemistry
62:57 Blast Furnace
62:27 Plate Mail Armor
62:27 Ring Archer Armor
62:46 Heavy Scorpion
64:51 Plate Mail Armor
64:52 Ring Archer Armor
64:34 Bow Saw
66:06 Bombard Tower
65:56 Fortified Wall
ojkarq87
2:15 Loom
11:01 Feudal Age
11:35 Double-Bit Axe
11:51 Town Watch
21:36 Castle Age
19:32 Fletching
20:31 Padded Archer Armor
22:39 Medium Warships
22:43 Bodkin Arrow
28:02 Leather Archer Armor
43:33 Ballistics
44:01 Wheelbarrow
43:28 Town Patrol
47:27 Imperial Age
49:19 Chemistry
47:56 Onager
49:58 Murder Holes
51:35 Forging
51:30 Scale Barding Armor
51:26 Bracer
51:56 Ring Archer Armor
51:43 Cavalier
54:46 Conscription
55:26 Bloodlines
55:17 Husbandry
57:34 Iron Casting
57:19 Chain Barding Armor
57:30 Ring Archer Armor
57:31 Light Cavalry
59:30 Elite Genoese Crossbowman
62:21 Caravan
62:07 Crossbowman
64:34 Hussar
64:47 Elite Skirmisher
66:19 Plate Barding Armor
66:45 Blast Furnace
Connection lost

Rejoining the realm…

Still unreachable

The connection could not be restored.

Session expired

The server has moved on; the page needs a fresh start.